 Dungeon Crawl Stone Soup version 0.26-a0-30-g56b8cd3df0 (webtiles) character file.

Game seed: 4845112647718359618, levelgen mode: deterministic

71055 MisterFreud the Blocker (level 15, 0/119 HPs)
             Began as a Gnoll Fighter on May 30, 2020.
             Was the Champion of Ashenzari.
             Killed from afar by an efreet (6 damage)
             ... with a bolt of fire
             ... on level 13 of the Dungeon on May 31, 2020.
             The game lasted 00:50:35 (28438 turns).

MisterFreud the Blocker (Gnoll Fighter)            Turns: 28438, Time: 00:50:37

Health: 0/119      AC: 24    Str: 24    XL:     15   Next: 35%
Magic:  28/28      EV: 14    Int: 20    God:    Ashenzari [******]
Gold:   1132       SH: 16    Dex: 22    Spells: 33/33 levels left

rFire    . . .     SeeInvis +   a - +1 rapier (curse)
rCold    . . .     Gourm    .   c - +1 kite shield (curse)
rNeg     + . .     Faith    .   L - +1 plate armour "Taheum" {-Tele Int+4 Dex+4}
rPois    .         Spirit   .   B - +0 helmet
rElec    .         Reflect  .   v - +2 cloak
rCorr    .         Harm     .   (no gloves)
MR       +....     Clarity  +   U - +2 pair of boots "Onepp" {Dex+2} Stlth ..........NoTele +
                                K - amulet of the acrobat
HPRegen  0.29/turn              V - ring of positive energy
MPRegen  0.21/turn              E - +6 ring of strength

@: no status effects
A: distributed training, fangs 1, strong nose
a: Curse Item, Scrying, Renounce Religion


You were on level 13 of the Dungeon.
You worshipped Ashenzari.
Ashenzari was exalted by your worship.
You were not hungry.

You visited 2 branches of the dungeon, and saw 19 of its levels.

You collected 1466 gold pieces.
You spent 334 gold pieces at shops.

Inventory:

Hand Weapons
 a - a cursed +1 rapier (weapon)
 e - a +2 rapier of protection
Missiles
 C - 8 javelins
 F - 18 boomerangs (quivered)
Armour
 c - a cursed +1 kite shield (worn)
 v - a +2 cloak (worn)
 B - a +0 helmet (worn)
 L - the +1 plate armour "Taheum" (worn) {-Tele Int+4 Dex+4}
   (You found it on level 7 of the Dungeon)

   It affects your intelligence (+4).
   It affects your dexterity (+4).
   It prevents most forms of teleportation.
 U - the +2 pair of boots "Onepp" (worn) {Dex+2}
   (You bought it in a shop on level 9 of the Dungeon)

   It affects your dexterity (+2).
Jewellery
 E - a +6 ring of strength (right hand)
 K - an amulet of the acrobat (around neck)
 Q - an uncursed ring of protection from fire
 V - a ring of positive energy (left hand)
 Z - an uncursed ring of protection from cold
Wands
 k - a wand of acid (2)
 l - a wand of flame (13)
 r - a wand of disintegration (2)
 x - a wand of enslavement (8)
 y - a wand of polymorph (10)
 I - a wand of digging (4)
 J - a wand of paralysis (20)
 R - a wand of iceblast (18)
 X - a wand of random effects (27)
Scrolls
 b - 2 scrolls of torment
 g - 5 scrolls of teleportation
 h - 2 scrolls of immolation
 j - 8 scrolls of magic mapping
 o - 6 scrolls of enchant armour
 p - a scroll of identify
 t - a scroll of blinking
 u - 4 scrolls of enchant weapon
 w - 3 scrolls of fog
 G - 3 scrolls of amnesia
 M - a scroll of silence
 N - 5 scrolls of remove curse
Potions
 d - 5 potions of might
 i - 3 potions of magic
 m - 7 potions of flight
 s - 2 potions of stabbing
 A - 3 potions of resistance
 H - a potion of berserk rage
 O - 4 potions of lignification
 P - 3 potions of brilliance
 S - a potion of cancellation
 W - 7 potions of curing
 Y - 3 potions of mutation
Miscellaneous
 n - a phantom mirror
 q - a phial of floods
Comestibles
 f - 37 rations
 z - 2 chunks of flesh


   Skills:
 + Level 11.6 Fighting
 + Level 10.8(15.0) Short Blades
 + Level 9.8 Long Blades
 + Level 9.8 Axes
 + Level 9.8 Maces & Flails
 + Level 9.8 Polearms
 + Level 9.8 Staves
 + Level 9.8 Slings
 + Level 9.8 Bows
 + Level 9.8 Crossbows
 + Level 9.8 Throwing
 + Level 11.6 Armour
 + Level 9.8 Dodging
 + Level 9.8 Stealth
 + Level 11.6(14.3) Shields
 + Level 9.8 Unarmed Combat
 + Level 9.8 Spellcasting
 + Level 8.2 Conjurations
 + Level 8.2 Hexes
 + Level 8.2 Charms
 + Level 8.2 Summonings
 + Level 8.2 Necromancy
 + Level 8.2 Translocations
 + Level 8.2 Transmutations
 + Level 8.2 Fire Magic
 + Level 8.2 Ice Magic
 + Level 8.2 Air Magic
 + Level 8.2 Earth Magic
 + Level 8.2 Poison Magic
 + Level 10.6 Invocations
 + Level 9.8 Evocations


You had 33 spell levels left.
You didn't know any spells.
Your spell library was empty.

Dungeon Overview and Level Annotations

Branches:
Dungeon (13/15)              Lair (6/6) D:9           Swamp (0/4) Lair:3
  Snake (0/4) Lair:2        Slime (0/5) Lair:6          Orc (0/2) D:12
 Temple: D:4-7       Vaults: D:13-14

Altars:
Ashenzari
Fedhas
Kikubaaqudgha
Ru
Trog
Uskayaw
Vehumet
Zin
Jiyva

Shops:
D:7 :   D:8 =   D:9 [   D:10 :   D:12 :

Annotations:
D:8 exclusion: statue
D:9 1 runed translucent door, Lanoc's ghost, novice NaTm


Innate Abilities, Weirdness & Mutations

Your experience applies equally to all skills.
You have very sharp teeth.
Your uncanny sense of smell can sniff out nearby items.


Message History

The fireball engulfs the efreet.
The efreet completely resists.
You barely miss the efreet.
The efreet is almost dead.
You hit the efreet but do no damage.
The efreet is almost dead.
The efreet gestures at you. The bolt of fire hits you!!
* * * LOW HITPOINT WARNING * * *
The bolt of fire misses you.
The bolt of fire hits the efreet.
The efreet completely resists.
Unknown command.
You hit the efreet but do no damage.
The efreet is almost dead.
You hit the efreet but do no damage.
The efreet is almost dead.
The efreet gestures at you. The bolt of fire hits you!!
* * * LOW HITPOINT WARNING * * *
The bolt of fire hits you.
You die...

, > #.....##.#.##.###.........# ,
, #.....#.##.#.##.#..#+###+##
*#..#....##...##....##.......##
+###..#...##.#########.##......#.
..+...+...#..# #..##.....#.
..#...#..##.#### #####.##.....+.
####..#..#.#'... #.(.'#.#....##.
####..#.##.## #R###(####.##......
....^..(#...# *#@=(## #...#......
.......##...## #|#.# ###.##.....
#####..#.....# #=):# #...#.....
#.....##.....####.## *#..#.##.#..
#.....#.......# #.# *#..##(.#....
'....##.......###.# #..##...##.##
#....#.........##.##..##..##.#.#
#....#.........##.##.##[.##.)#.#
.###.'#######################).#


You could see an efreet.

Vanquished Creatures
  An ogre mage (D:12)
  9 hydras
  2 centaur warriors
  8 two-headed ogres
  Nergalle (D:12)
  Sonja (D:11)
  2 unseen horrors
  A glowing orange brain (D:13)
  A deep elf mage (D:13)
  4 ugly things
  A manticore (D:13)
  Joseph (D:10)
  5 cyclopes
  4 elephants
  2 black mambas
  A torpor snail (Lair:3)
  26 spiny frogs
  6 rime drakes
  7 komodo dragons
  A tengu conjurer (D:13)
  2 trolls
  A polar bear (Lair:6)
  Prince Ribbit (D:6)
  3 slime creatures (D:10)
  A hornet (D:13)
  3 tyrant leeches (Lair:6)
  24 blink frogs
  3 bog bodies (Lair:3)
  13 dream sheep
  13 hippogriffs
  A shadow (D:11)
  2 wyverns
  62 yaks
  2 hungry ghosts
  A wraith (D:11)
  3 wargs
  9 vampire mosquitoes
  3 basilisks
  Menkaure (D:6)
  2 soldier ants
  2 swamp worms (Lair:3)
  2 nagas (Lair:2)
  2 acid dragons
  9 porcupines
  Duvessa (D:6)
  9 water moccasins
  4 orc warriors
  A black bear (D:7)
  3 sky beasts
  6 ogres
  2 necrophages (D:8)
  5 phantoms
  22 wolves
  A boggart (D:13)
  6 centaurs
  13 crocodiles
  5 big kobolds
  24 bullfrogs
  A gnoll sergeant (D:9)
  Dowan (D:6)
  7 scorpions
  6 killer bees (D:8)
  3 wights (D:8)
  3 electric eels
  3 howler monkeys
  7 crimson imps
  2 bullfrog zombies
  5 quasits
  6 hounds
  4 jellies
  16 orc priests
  3 centaur skeletons
  6 human zombies (D:8)
  3 bullfrog skeletons
  4 iguanas
  6 orc wizards
  Natasha (thrice) (D:3)
  10 worker ants
  An ogre skeleton (D:8)
  A worker ant zombie (D:7)
  9 gnolls
  11 adders
  A shadow imp (D:10)
  8 oozes
  2 adder skeletons
  5 worms
  3 dart slugs
  4 leopard geckos
  27 orcs
  8 giant cockroaches
  3 goblins
  11 hobgoblins
  8 jackals
  7 quokkas
  2 ball pythons
  7 bats
  A jackal zombie (D:5)
  48 kobolds
  8 rats
625 creatures vanquished.

Vanquished Creatures (others)
  An orc wizard (D:5)
  A worm (D:5)
  A kobold (D:11)
  18 fungi
  54 plants
75 creatures vanquished.

Grand Total: 700 creatures vanquished

Notes
Turn   | Place    | Note
-------+----------+-------------------------------------------
     0 | D:1      | MisterFreud the Gnoll Fighter began the quest for the Orb.
     0 | D:1      | Reached XP level 1. HP: 23/23 MP: 1/1
    87 | D:1      | Reached XP level 2. HP: 27/29 MP: 2/2
   686 | D:2      | Reached XP level 3. HP: 29/35 MP: 3/3
   813 | D:2      | Found a bloodstained altar of Trog.
  1221 | D:2      | Reached skill level 1 in Invocations
  1690 | D:2      | Reached skill level 1 in Long Blades
  1690 | D:2      | Reached skill level 1 in Axes
  1690 | D:2      | Reached skill level 1 in Maces & Flails
  1690 | D:2      | Reached skill level 1 in Polearms
  1690 | D:2      | Reached skill level 1 in Staves
  1690 | D:2      | Reached skill level 1 in Slings
  1690 | D:2      | Reached skill level 1 in Bows
  1690 | D:2      | Reached skill level 1 in Crossbows
  1690 | D:2      | Reached skill level 1 in Throwing
  1690 | D:2      | Reached skill level 1 in Dodging
  1690 | D:2      | Reached skill level 1 in Stealth
  1690 | D:2      | Reached skill level 1 in Unarmed Combat
  1690 | D:2      | Reached skill level 1 in Spellcasting
  1690 | D:2      | Reached skill level 1 in Evocations
  1690 | D:2      | Reached XP level 4. HP: 39/41 MP: 5/5
  2024 | D:3      | Noticed Natasha
  2033 | D:3      | Killed Natasha
  2033 | D:3      | Reached skill level 1 in Conjurations
  2033 | D:3      | Reached skill level 1 in Hexes
  2033 | D:3      | Reached skill level 1 in Charms
  2033 | D:3      | Reached skill level 1 in Summonings
  2033 | D:3      | Reached skill level 1 in Necromancy
  2033 | D:3      | Reached skill level 1 in Translocations
  2033 | D:3      | Reached skill level 1 in Transmutations
  2033 | D:3      | Reached skill level 1 in Fire Magic
  2033 | D:3      | Reached skill level 1 in Ice Magic
  2033 | D:3      | Reached skill level 1 in Air Magic
  2033 | D:3      | Reached skill level 1 in Earth Magic
  2033 | D:3      | Reached skill level 1 in Poison Magic
  2227 | D:3      | Found a sacrificial altar of Ru.
  2227 | D:3      | Found a blossoming altar of Fedhas.
  2507 | D:3      | Found a shattered altar of Ashenzari.
  2538 | D:3      | Became a worshipper of Ashenzari the Shackled
  2550 | D:3      | Noticed Natasha
  2567 | D:3      | Killed Natasha
  2567 | D:3      | Reached XP level 5. HP: 32/47 MP: 5/7
  2844 | D:3      | Noticed Natasha
  2863 | D:3      | Killed Natasha
  3152 | D:3      | Noticed a big kobold
  3152 | D:3      | Noticed a big kobold
  3152 | D:3      | Noticed a big kobold
  3221 | D:3      | Killed a big kobold
  3221 | D:3      | Reached XP level 6. HP: 53/53 MP: 8/8
  3240 | D:3      | Reached skill level 5 in Short Blades
  3532 | D:3      | Reached XP level 7. HP: 57/59 MP: 10/10
  4495 | D:4      | Reached XP level 8. HP: 54/67 MP: 12/12
  4786 | D:5      | Entered Level 5 of the Dungeon
  5071 | D:5      | Noticed a hippogriff
  5082 | D:5      | Killed a hippogriff
  5266 | D:6      | Noticed Duvessa
  5266 | D:6      | Noticed Dowan
  5319 | D:6      | Killed Duvessa
  5343 | D:6      | Killed Dowan
  5643 | D:6      | Noticed Prince Ribbit
  5669 | D:6      | Killed Prince Ribbit
  5801 | D:6      | Found a hide-covered altar of Uskayaw.
  5853 | D:6      | Reached * piety under Ashenzari
  5901 | D:6      | Reached XP level 9. HP: 72/72 MP: 14/14
  6080 | D:6      | Noticed Menkaure
  6085 | D:6      | Killed Menkaure
  6573 | D:7      | Found Xyosaz's Book Shop.
  6870 | D:7      | Got the uncursed plate armour "Taheum" {-Tele Int+4 Dex+4}
  6881 | D:7      | Identified the +1 plate armour "Taheum" {-Tele Int+4 Dex+4}
                  | (You found it on level 7 of the Dungeon)
  6997 | D:7      | Found a glowing silver altar of Zin.
  6998 | D:7      | Noticed an angel
  7284 | D:8      | Noticed a two-headed ogre
  7302 | D:8      | Killed a two-headed ogre
  7302 | D:8      | Reached skill level 5 in Invocations
  7360 | D:8      | Reached XP level 10. HP: 43/80 MP: 15/17
  7944 | D:8      | Reached skill level 5 in Long Blades
  7944 | D:8      | Reached skill level 5 in Axes
  7944 | D:8      | Reached skill level 5 in Maces & Flails
  7944 | D:8      | Reached skill level 5 in Polearms
  7944 | D:8      | Reached skill level 5 in Staves
  7944 | D:8      | Reached skill level 5 in Slings
  7944 | D:8      | Reached skill level 5 in Bows
  7944 | D:8      | Reached skill level 5 in Crossbows
  7944 | D:8      | Reached skill level 5 in Throwing
  7944 | D:8      | Reached skill level 5 in Dodging
  7944 | D:8      | Reached skill level 5 in Stealth
  7944 | D:8      | Reached skill level 5 in Unarmed Combat
  7944 | D:8      | Reached skill level 5 in Spellcasting
  7944 | D:8      | Reached skill level 5 in Evocations
  7949 | D:8      | Found Qiubeka's Jewellery Emporium.
  8014 | D:8      | Found a radiant altar of Vehumet.
  8279 | D:8      | Found an ancient bone altar of Kikubaaqudgha.
  8923 | D:9      | Reached ** piety under Ashenzari
  9079 | D:9      | HP: 2/82 [ogre/cursed -3 giant club (22)]
  9629 | D:9      | Noticed a two-headed ogre
  9641 | D:9      | Killed a two-headed ogre
  9641 | D:9      | Reached XP level 11. HP: 70/87 MP: 19/19
  9896 | D:9      | Noticed a seven-headed hydra
  9900 | D:9      | Killed a seven-headed hydra
  9903 | D:9      | Found a runed translucent door.
  9903 | D:9      | Noticed Lanoc's ghost (novice NaTm)
 10052 | D:9      | Found Kez Ecu's Armour Emporium.
 10120 | D:9      | Bought the +2 pair of boots "Onepp" {Dex+2} for 334 gold
                  | pieces
 10342 | D:9      | Found a staircase to the Lair.
 10613 | D:10     | Entered Level 10 of the Dungeon
 10795 | D:10     | Reached skill level 5 in Conjurations
 10795 | D:10     | Reached skill level 5 in Hexes
 10795 | D:10     | Reached skill level 5 in Charms
 10795 | D:10     | Reached skill level 5 in Summonings
 10795 | D:10     | Reached skill level 5 in Necromancy
 10795 | D:10     | Reached skill level 5 in Translocations
 10795 | D:10     | Reached skill level 5 in Transmutations
 10795 | D:10     | Reached skill level 5 in Fire Magic
 10795 | D:10     | Reached skill level 5 in Ice Magic
 10795 | D:10     | Reached skill level 5 in Air Magic
 10795 | D:10     | Reached skill level 5 in Earth Magic
 10795 | D:10     | Reached skill level 5 in Poison Magic
 10900 | D:10     | Found Tisuodum's Book Emporium.
 11038 | D:10     | HP: 2/89 [slime creature (14)]
 11478 | D:10     | Noticed Joseph
 11507 | D:10     | Killed Joseph
 12175 | D:11     | Killed an unseen horror
 12425 | Lair:1   | Entered Level 1 of the Lair of Beasts
 12671 | Lair:1   | Reached *** piety under Ashenzari
 13260 | Lair:2   | Found a staircase to the Snake Pit.
 13449 | Lair:2   | Reached XP level 12. HP: 93/96 MP: 22/22
 14050 | Lair:2   | Noticed a seven-headed hydra
 14061 | Lair:2   | Killed a seven-headed hydra
 14751 | Lair:3   | Reached **** piety under Ashenzari
 16100 | Lair:3   | Found a staircase to the Swamp.
 16523 | Lair:3   | Reached skill level 10 in Fighting
 16523 | Lair:3   | Reached skill level 10 in Armour
 16523 | Lair:3   | Reached skill level 10 in Shields
 17229 | Lair:4   | Reached XP level 13. HP: 94/103 MP: 24/24
 17568 | Lair:4   | Found a hide-covered altar of Uskayaw.
 18633 | Lair:4   | Reached ***** piety under Ashenzari
 20598 | Lair:6   | Entered Level 6 of the Lair of Beasts
 21072 | Lair:6   | Reached XP level 14. HP: 101/111 MP: 26/26
 21396 | Lair:6   | Reached skill level 10 in Short Blades
 23274 | Lair:6   | Found a viscous altar of Jiyva.
 23275 | Lair:6   | Found a staircase to the Slime Pits.
 23298 | Lair:6   | Reached skill level 10 in Invocations
 25176 | D:11     | Noticed Sonja
 25199 | D:11     | Killed Sonja
 25923 | D:12     | Reached ****** piety under Ashenzari
 26056 | D:12     | Found a staircase to the Orcish Mines.
 26388 | D:12     | Noticed Nergalle
 26409 | D:12     | Killed Nergalle
 26748 | D:12     | Reached XP level 15. HP: 101/119 MP: 28/28
 27684 | D:12     | Found Imunwov's Book Boutique.
 28438 | D:13     | Killed from afar by an efreet

Illustrated notes

Levels and vault maps discovered:
D:1:      dpeg_arrival_lava_temple_mockup, layout_rooms,
          minmay_misc_feat_hallway, st_stairs_9
D:2:      layout_basic, overflow_temple_1_default, corner_web_ring
D:3:      minmay_goblin_kobold_castle, layout_loops_corners,
          gammafunk_temple_overflow_elements, first_ration, ashenzari_altar_1,
          uniq_natasha
D:4:      layout_loops_cross
D:5:      layout_rooms, minmay_temple_entry_steel_oval, lemuel_flamethrower_2
D:6:      minmay_recursive_quarters, layout_basic,
          eat_drink_and_be_merry_uskayaw, uniq_prince_ribbit1, uniq_duvessa,
          uniq_menkaure
D:7:      black_bear_nest_1, layout_basic, zin_angel, serial_shops,
          nicolae_shop_trees
D:8:      layout_rooms, vehumet_statue, serial_shops, nicolae_shop_statue_plus,
          hangedman_little_slice_of_home, lemuel_mausoleum_altar_kikubaaqudgha
D:9:      layout_stronghold, erik_lair_orcish_takeover, serial_shops,
          nicolae_shop_crystal, gammafunk_ghost_grave
D:10:     layout_basic, serial_shops, shop, uniq_joseph
D:11:     layout_long_grid, uniq_sonja
D:12:     layout_irregular_city, erik_orc_3, serial_shops, shop, uniq_nergalle
D:13:     minmay_the_grid_triangle_9x9_recursive_2
          [minmay_the_grid_triangle_9x9_prize_center,
          minmay_the_grid_triangle_9x9_semitri,
          minmay_the_grid_triangle_9x9_empty,
          minmay_the_grid_triangle_9x9_longest], layout_gridville,
          chequers_serial_rivers_micro_a, due_unseen_surprise
Lair:1:   layout_gridlike
Lair:2:   layout_regular_city, guppyfry_snake_entry_island,
          chequers_serial_rivers_micro_c, grunt_megastairs_4,
          infiniplex_staircase_pool_2
Lair:3:   layout_regular_city, nicolae_swamp_entry_splash_gauntlet,
          grunt_megastairs_3, lemuel_fruit_tree, serial_bayou_shore_b
Lair:4:   layout_cave_pods, basic_altar
Lair:5:   layout_gridlike, beast_lair_carwin_10
Lair:6:   minmay_lair_end_frog_pond, layout_cellular_growth, slime_altar_1

Skill      XL: |  1  2  3  4  5  6  7  8  9 10 11 12 13 14 |
---------------+-------------------------------------------+-----
Invocations    | 1 2 3 4 5 6 7 8 9 10 | 10.6
Long Blades    | 1 2 3 4 5 6 7 8 9 |  9.8
Axes           | 1 2 3 4 5 6 7 8 9 |  9.8
Maces & Flails | 1 2 3 4 5 6 7 8 9 |  9.8
Polearms       | 1 2 3 4 5 6 7 8 9 |  9.8
Staves         | 1 2 3 4 5 6 7 8 9 |  9.8
Slings         | 1 2 3 4 5 6 7 8 9 |  9.8
Bows           | 1 2 3 4 5 6 7 8 9 |  9.8
Crossbows      | 1 2 3 4 5 6 7 8 9 |  9.8
Throwing       | 1 2 3 4 5 6 7 8 9 |  9.8
Dodging        | 1 2 3 4 5 6 7 8 9 |  9.8
Stealth        | 1 2 3 4 5 6 7 8 9 |  9.8
Unarmed Combat | 1 2 3 4 5 6 7 8 9 |  9.8
Spellcasting   | 1 2 3 4 5 6 7 8 9 |  9.8
Evocations     | 1 2 3 4 5 6 7 8 9 |  9.8
Conjurations   | 1 2 3 4 5 6 7 8 |  8.2
Hexes          | 1 2 3 4 5 6 7 8 |  8.2
Charms         | 1 2 3 4 5 6 7 8 |  8.2
Summonings     | 1 2 3 4 5 6 7 8 |  8.2
Necromancy     | 1 2 3 4 5 6 7 8 |  8.2
Translocations | 1 2 3 4 5 6 7 8 |  8.2
Transmutations | 1 2 3 4 5 6 7 8 |  8.2
Fire Magic     | 1 2 3 4 5 6 7 8 |  8.2
Ice Magic      | 1 2 3 4 5 6 7 8 |  8.2
Air Magic      | 1 2 3 4 5 6 7 8 |  8.2
Earth Magic    | 1 2 3 4 5 6 7 8 |  8.2
Poison Magic   | 1 2 3 4 5 6 7 8 |  8.2
Short Blades   | 5 6 7 8 9 10 | 10.8
Fighting       | 7 8 9 10 11 | 11.6
Armour         | 7 8 9 10 11 | 11.6
Shields        | 7 8 9 10 11 | 11.6

Action                   |  1- 3 |  4- 6 |  7- 9 | 10-12 | 13-15 || total
-------------------------+-------+-------+-------+-------+-------++-------
Melee: Rapier            |   109 |   214 |   429 |  1557 |  1843 ||  4152
       Bite              |    18 |    23 |    67 |   331 |   415 ||   854
Throw: Boomerang         |       |       |    17 |    23 |   187 ||   227
Invok: Curse Item        |       |     1 |       |     1 |       ||     2
Evoke: Wand              |       |       |       |     9 |    11 ||    20
  Use: Potion            |       |       |     2 |     1 |     3 ||     6
       Scroll            |       |       |       |    19 |     5 ||    24
 Stab: Distracted        |       |     1 |       |       |       ||     1
       Paralysed         |       |       |       |     1 |     2 ||     3
  Eat: Chunk             |     2 |     5 |    11 |    19 |    32 ||    69
       Ration            |       |       |     1 |     4 |     2 ||     7
Armor: Scale mail        |    45 |    72 |    75 |       |       ||   192
       Plate armour      |       |       |    46 |   472 |   356 ||   874
Dodge: Dodged            |    32 |    54 |   111 |   434 |   434 ||  1065
Block: Kite shield       |    69 |   104 |   240 |   801 |   892 ||  2106

Table legend:
 A = Non-vault XP
 B = Vault XP
 C = Vault XP percentage of total XP
 D = Non-vault monster count
 E = Vault monster count
 F = Vault count percentage of total count
                 A         B        C        D         E       F
            +---------+---------+-------+---------+---------+-------
      Total |   73482 |   28026 |  27.6 |     436 |     190 |  30.4
            +---------+---------+-------+---------+---------+-------
        D:1 |      12 |      10 |  45.5 |       6 |       3 |  33.3
        D:2 |      66 |       0 |   0.0 |      27 |       0 |   0.0
        D:3 |     114 |     509 |  81.7 |      14 |      48 |  77.4
        D:4 |     571 |       0 |   0.0 |      26 |       0 |   0.0
        D:5 |     504 |       0 |   0.0 |      16 |       0 |   0.0
        D:6 |     328 |     705 |  68.2 |       6 |       7 |  53.8
        D:7 |     421 |     133 |  24.0 |       7 |       1 |  12.5
        D:8 |    2126 |     848 |  28.5 |      18 |      20 |  52.6
        D:9 |    4239 |     603 |  12.5 |      34 |       8 |  19.0
       D:10 |    2404 |     498 |  17.2 |      25 |       1 |   3.8
       D:11 |    5373 |     795 |  12.9 |      35 |       1 |   2.8
       D:12 |   12451 |    1326 |   9.6 |      49 |      17 |  25.8
       D:13 |    3269 |    4875 |  59.9 |       7 |      11 |  61.1
     Lair:1 |     899 |       0 |   0.0 |       5 |       0 |   0.0
     Lair:2 |    4110 |     664 |  13.9 |      17 |       4 |  19.0
     Lair:3 |    8638 |    1965 |  18.5 |      41 |       9 |  18.0
     Lair:4 |    9180 |       0 |   0.0 |      34 |       0 |   0.0
     Lair:5 |    8851 |    3327 |  27.3 |      35 |      13 |  27.1
     Lair:6 |    9926 |   11768 |  54.2 |      34 |      47 |  58.0
            +---------+---------+-------+---------+---------+-------
